Match 36754354
Unlisted

Match 36754354
End
Selects Armored Battlegroup
Selects Assault Engineers
Assault Engineer Squad
Construct Weapon Support Center
M1919 Machine Gun Team
Assault Engineer Squad
Bazooka Squad
Air Support Center
Assault Engineer Squad
Construct Medical Station
P-47 Strafing Run
P-47 Dive Bomb
Assault Engineer Squad
Grasshopper Recon Run
Selects Strength in Steel
Construct Tank Depot
Grasshopper Recon Run
Selects M8 Scott SPG
Selects UNKNOWN (2160077)
M4A1 Sherman Medium Tank
Grasshopper Recon Run
Assault Engineer Squad
P-47 Dive Bomb
M1919 Machine Gun Team
P-47 Strafing Run
Grasshopper Recon Run
P-47 Dive Bomb
Selects Field Repairs
M4A3E8 Sherman Easy Eight
Assault Engineer Squad
Starman
AHNSHI
yellow291244
anethma
Competitor
Noxrige
0
0

Comments sign in to comment!

No comments posted yet!